 Dungeon Crawl Stone Soup version 0.23.2-1-ga50397a6bc (webtiles) character file.

Game seed: 5855025324027436983

74 Mrkan the Poker (level 4, -5/35 HPs)
             Began as a Merfolk Gladiator on May 18, 2019.
             Killed from afar by Sigmund (9 damage)
             ... with a puff of flame
             ... on level 3 of the Dungeon.
             The game lasted 00:02:37 (1471 turns).

Mrkan the Poker (Merfolk Gladiator)                 Turns: 1471, Time: 00:02:37

Health: -5/35      AC:  4    Str: 15    XL:     4   Next: 30%
Magic:  4/4        EV: 14    Int:  7    God:
Gold:   121        SH:  0    Dex: 15    Spells: 3/3 levels left

rFire    . . .     SeeInvis .   a - +0 trident
rCold    . . .     Gourm    .   (no shield)
rNeg     . . .     Faith    .   b - +0 leather armour
rPois    .         Spirit   .   c - +0 helmet
rElec    .         Reflect  .   (no cloak)
rCorr    .         Harm     .   (no gloves)
MR       .....                  (no boots)
Stlth    +.........             (no amulet)
HPRegen  0.11/turn              (no ring)
MPRegen  0.09/turn              (no ring)

@: no status effects
A: change form in water, swift swim, stealthy swim
a: no special abilities


You were on level 3 of the Dungeon.
You were not hungry.

You visited 1 branch of the dungeon, and saw 3 of its levels.

You collected 121 gold pieces.

Inventory:

Hand Weapons
 a - a +0 trident (weapon)
 o - a cursed -2 whip
Missiles
 d - 3 throwing nets (quivered)
Armour
 b - a +0 leather armour (worn)
 c - a +0 helmet (worn)
Scrolls
 e - a scroll of remove curse {unknown}
 g - 2 scrolls of identify {unknown}
 h - a scroll of enchant weapon {unknown}
 j - 2 scrolls of amnesia {unknown}
 k - 2 scrolls of blinking {unknown}
 l - 2 scrolls of random uselessness {unknown}
Potions
 i - a potion of mutation {unknown}
 m - a potion of heal wounds {unknown}
 n - a potion of ambrosia {unknown}
Comestibles
 f - 5 rations


   Skills:
 + Level 3.0 Fighting
 * Level 6.0 Polearms
 - Level 2.0 Throwing
 + Level 4.8 Dodging


You had 3 spell levels left.
You didn't know any spells.
Your spell library was empty.

Dungeon Overview and Level Annotations

Branches:
Dungeon (3/15)

Altars:
Makhleb

Annotations:
D:3 Sigmund


Message History

Aim: Sigmund, wielding a +1 scythe of freezing and wearing a +0 robe (moderately wounded)
You reach to attack!
You hit Sigmund.
Sigmund is heavily wounded.
Sigmund gestures wildly while chanting.
Sigmund flickers and vanishes!
Deactivating autopickup; reactivate with Ctrl-A.
Attack whom?
Press: ? - help, Dir - move target cursor, f - you That would be overly suicidal.
Okay, then.
Something hits you.
* * * LOW HITPOINT WARNING * * *
Something freezes you.
* * * LOW HITPOINT WARNING * * *
A magic dart appears from out of thin air!
The magic dart hits you.
* * * LOW HITPOINT WARNING * * *
A puff of flame appears from out of thin air!
The puff of flame hits you!
You die...

#.............#
####.............#
######................#
#......##.............#
#########.............#
#.............#
#...########### ###
##.†###......# ..##
##.@##......# #..##
##.##......# ....#
#.##......# ######
##..## #####.##......#
#..... ##..##
#.............# #>....
#...######.###.##{.....#
#..... ##.........#
#.##....†.# #.....
##...######
#.##......###.....
##.....####
#...†.............


There were no monsters in sight!

Vanquished Creatures
  4 adders (D:2)
  2 worms (D:2)
  3 leopard geckos
  An orc (D:3)
  6 bats
  4 goblins (D:1)
  2 hobgoblins (D:1)
  2 kobolds (D:1)
  3 frilled lizards
  3 rats
30 creatures vanquished.

Notes
Turn   | Place    | Note
-------+----------+-------------------------------------------
     0 | D:1      | Mrkan the Merfolk Gladiator began the quest for the Orb.
     0 | D:1      | Reached XP level 1. HP: 16/16 MP: 1/1
   257 | D:1      | Reached XP level 2. HP: 12/23 MP: 2/2
   500 | D:1      | Reached skill level 5 in Polearms
   725 | D:2      | Reached XP level 3. HP: 21/28 MP: 3/3
   769 | D:2      | Found a burning altar of Makhleb.
  1150 | D:2      | Reached XP level 4. HP: 27/35 MP: 4/4
  1344 | D:3      | Noticed Sigmund
  1352 | D:3      | Reached skill level 6 in Polearms
  1471 | D:3      | Killed from afar by Sigmund

Skill      XL: |  1  2  3  4 |
---------------+-------------+-----
Polearms       | 5 6 |  6.0
Fighting       | 3 |  3.0
Throwing       | |  2.0
Dodging        | |  4.8

Action                   |  1- 3 |  4- 6 || total
-------------------------+-------+-------++-------
Melee: Trident           |   106 |    33 ||   139
  Eat: Chunk             |       |     2 ||     2
Armor: Leather armour    |    26 |    16 ||    42
Dodge: Dodged            |   107 |    29 ||   136
